 Dungeon Crawl Stone Soup version 0.30-a0-800-g7c544603b3 (webtiles) character file.

Game seed: 14410130635932058872

182 sasquatch the Ruffian (level 5, -3/49 HPs)
             Began as a Troll Transmuter on Feb 22, 2023.
             Slain by an ice beast (14 damage)
             ... on level 3 of the Dungeon.
             The game lasted 00:03:51 (2330 turns).

sasquatch the Ruffian (Troll Transmuter)            Turns: 2330, Time: 00:03:51

Health: -3/49      AC:  4    Str: 20    XL:     5   Next: 35%
Magic:  4/5        EV:  9    Int:  9    God:
Gold:   209        SH:  0    Dex: 10    Spells: 3/6 levels left

rFire   + . .      SeeInvis .      - Unarmed
rCold   . . .      Faith    .    (no shield)
rNeg    . . .      Spirit   .    a - +0 robe
rPois   .          Reflect  .    (helmet currently unavailable)
rElec   .          Harm     .    (no cloak)
rCorr   .          Rampage  .    (gloves unavailable)
Will    .....                    (boots unavailable)
Stlth   +                        (no amulet)
HPRegen 1.08/turn                o - ring of protection from fire
MPRegen 0.09/turn                s - ring of wizardry

@: appendages (expiring)
A: horns 2, talons 2, large, unfitting armour, claws 3, regeneration 1, shaggy
fur 1, tough skin 1
a: End Transformation


You were on level 3 of the Dungeon.
You had temporarily grown beastly horns and talons.
You visited 1 branch of the dungeon, and saw 3 of its levels.

You collected 209 gold pieces.

Inventory:

Hand Weapons
 j - a +1 dagger of venom
Missiles
 t - 6 javelins
 v - 8 poisoned darts
Armour
 a - a +0 robe (worn)
 r - a +0 buckler
Jewellery
 o - a ring of protection from fire (left claw)
 s - a ring of wizardry (right claw)
Wands
 n - a wand of paralysis (12)
Scrolls
 c - a scroll of poison {unknown}
 d - a scroll of vulnerability {unknown}
 f - a scroll of enchant armour {unknown}
 g - a scroll of identify {unknown}
 k - a scroll of silence {unknown}
 q - a scroll of magic mapping {unknown}
 u - a scroll of blinking {unknown}
Potions
 b - 2 potions of lignification
 e - 3 potions of curing {unknown}
 h - a potion of invisibility {unknown}
 i - a potion of degeneration {unknown}
 l - a potion of ambrosia {unknown}
 m - a potion of mutation {unknown}
 p - a potion of heal wounds {unknown}


   Skills:
 + Level 2.1 Fighting
 - Level 1.5 Dodging
 * Level 4.8 Unarmed Combat
 - Level 1.2 Spellcasting
 + Level 2.4 Transmutations


You had 3 spell levels left.
You knew the following spells:

 Your Spells              Type           Power      Damage    Failure   Level
a - Beastly Appendage     Tmut           8%         N/A       6%          1
b - Wereblood             Tmut           4%         N/A       9%          2

Your spell library contained the following spells:

 Spells                   Type           Power      Damage    Failure   Level
 Ensorcelled Hibernation  Hex/Ice        0%         N/A       22%         2
 Spider Form              Tmut/Pois      2%         N/A       26%         3
 Ice Form                 Ice/Tmut       2%         N/A       61%         4
 Anguish                  Hex/Necr       0%         N/A       78%         4


Dungeon Overview and Level Annotations

Branches:
Dungeon (3/15)

Altars:
Fedhas

Shops:
D:1 (


Innate Abilities, Weirdness & Mutations

You have temporarily grown beastly horns and talons.
You are too large for most types of armour.
You have claws for hands.
Your natural rate of healing is unusually fast.
You are covered in fur. (AC +1)
You have tough skin. (AC +1)


Message History

The worm is almost dead.
The worm bites you!
You claw the worm!
You kill the worm!
No target in view!
No target in view!
You see here a worm corpse.
An ice beast comes into view.
An ice beast is nearby!
Casting: Beastly Appendage (safe; 6% risk of failure)
Press: ? - help, Q - select action, (/) - cycle Dir - look around, f - activate You grow a pair of large bovine horns.
Your feet morph into talons.
Your transformation is almost over.
The ice beast hits you. The ice beast freezes you!
You scratch the ice beast but do no damage.
You claw the ice beast!
The ice beast is moderately wounded.
The ice beast hits you. The ice beast freezes you!
You are too injured to fight recklessly!
You are too injured to fight recklessly!
You are too injured to fight recklessly!
You are too injured to fight recklessly!
You closely miss the ice beast.
The ice beast is moderately wounded.
The ice beast hits you. The ice beast freezes you!
* * * LOW HITPOINT WARNING * * *
You completely miss the ice beast. Your headbutt misses the ice beast.
The ice beast is moderately wounded.
The ice beast barely misses you.
You claw the ice beast!
You claw the ice beast, but do no damage.
Your headbutt misses the ice beast.
The ice beast is severely wounded.
The ice beast hits you but does no damage.
You scratch the ice beast.
The ice beast is severely wounded.
The ice beast hits you.
* * * LOW HITPOINT WARNING * * *
The ice beast freezes you!
You die...

#.......###.
#.......# #.
#.......####
#.#..###.##≈ ###
#.#.## ##.##
##.#####.#.# #...
#..........## ##.##
##.#####.#..###.###
#@# #.#.#..†## #
#Y# #.#.##.#####
#.# #.#........#
#.# #.####.###.#
#.# #......# #.#
#.# ######## #.#
#.# ########.# #.#
##........#
#...#######


You could see an ice beast.

Vanquished Creatures
  A scorpion (D:3)
  6 adders
  A worm (D:3)
  A dart slug (D:1)
  An orc (D:3)
  2 bats (D:1)
  7 endoplasms
  3 giant cockroaches (D:3)
  8 goblins
  2 hobgoblins (D:1)
  11 jackals
  2 quokkas
  3 ball pythons
  4 frilled lizards
  3 kobolds
  5 rats
60 creatures vanquished.

Notes
Turn   | Place    | Note
-------+----------+-------------------------------------------
     0 | D:1      | sasquatch the Troll Transmuter began the quest for the Orb.
     0 | D:1      | Reached XP level 1. HP: 18/18 MP: 1/1
   116 | D:1      | Reached skill level 1 in Fighting
   125 | D:1      | Reached XP level 2. HP: 27/27 MP: 2/2
   150 | D:1      | Found Maotifem's Antique Weapon Boutique.
   154 | D:1      | Learned a level 2 spell: Wereblood
   196 | D:1      | Found a faded altar of an unknown god.
   941 | D:2      | Reached XP level 3. HP: 33/33 MP: 3/3
   988 | D:2      | Found a blossoming altar of Fedhas.
  1165 | D:2      | Reached skill level 4 in Unarmed Combat
  1259 | D:2      | Identified the +4 whip "Fomymp" {freeze, Str+3}
  1308 | D:2      | Reached XP level 4. HP: 41/41 MP: 2/4
  1842 | D:3      | Noticed a scorpion
  1853 | D:3      | Killed a scorpion
  1854 | D:3      | Reached XP level 5. HP: 49/49 MP: 5/5
  2322 | D:3      | Noticed an ice beast
  2330 | D:3      | Slain by an ice beast

Illustrated notes

Levels and vault maps discovered:
D:1:      nzn_arrival_water_spiral, layout_basic,
          chequers_ecumenical_altar_simple_redux, serial_shops, shop
D:2:      layout_rooms, basic_altar
D:3:      layout_loops_ring, serial_rivers, chequers_serial_rivers_micro_c,
          chequers_serial_rivers_small_b, chequers_serial_rivers_marsh,
          chequers_serial_rivers_micro_e, chequers_serial_rivers_room_b,
          chequers_serial_rivers_large_a, grunt_ministairs_1

Skill      XL: |  1  2  3  4 |
---------------+-------------+-----
Fighting       | 1 2 |  2.1
Transmutations | 2 |  2.4
Unarmed Combat | 4 |  4.8
Dodging        | |  1.5
Spellcasting   | |  1.2

Action                     |  1- 3 |  4- 6 || total
---------------------------+-------+-------++-------
  Melee: Unarmed           |    74 |    50 ||   124
         Punch             |     1 |     1 ||     2
         Headbutt          |     6 |     1 ||     7
         Kick              |     5 |     3 ||     8
  Throw: Dart              |       |     5 ||     5
   Cast: Beastly Appendage |     8 |     9 ||    17
 Armour: Robe              |    26 |    11 ||    37
  Dodge: Dodged            |    44 |    21 ||    65

Table legend: (Time is in decaauts)
 A = Elapsed time spent in this place.
 B = Non-inter-level travel time spent in this place.
 C = Inter-level travel time spent in this place.
 D = Time resting spent in this place.
 E = Time spent auto-exploring this place.
 F = Levels seen in this place.
 G = Mean time per level.
                   A        B        C        D        E       F      G
               +--------+--------+--------+--------+--------+-----+--------+
         Total |   2319 |   2247 |     72 |      0 |   1905 |   3 |  773.0 |
       Dungeon |   2319 |   2247 |     72 |      0 |   1905 |   3 |  773.0 |
               +--------+--------+--------+--------+--------+-----+--------+

Top non-repeatable levels by time:
     D:1: 935 daAuts
     D:3: 782 daAuts
     D:2: 602 daAuts
